 Dungeon Crawl Stone Soup version 0.27-a0-909-g0721f309d1 (webtiles) character file.

Game seed: 119018570083253039

3079 robertstho the Frost Mage (level 9, -3/68 HPs)
             Began as a Demigod Ice Elementalist on Apr 8, 2021.
             Slain by a wyvern (13 damage)
             ... on level 8 of the Dungeon.
             The game lasted 00:17:05 (11307 turns).

robertstho the Frost Mage (DgIE)                   Turns: 11307, Time: 00:17:06

Health: -3/68      AC: 16    Str:  9    XL:     9   Next: 32%
Magic:  18/23      EV: 12    Int: 29    God:
Gold:   649        SH:  0    Dex: 10    Spells: 7/22 levels left

rFire    + . .     SeeInvis +   y - +4 rapier "Lilloc" {venom, +Blink rElec rF+ Dex-4}
rCold    . . .     Faith    .   (no shield)
rNeg     . . .     Spirit   .   a - +0 robe
rPois    .         Reflect  .   (no helmet)
rElec    +         Harm     .   h - +0 cloak
rCorr    .         Rampage  .   k - +2 pair of gloves
Will     +....                  l - +0 pair of boots
Stlth    ++........             (no amulet)
HPRegen  0.21/turn              j - ring of see invisible
MPRegen  0.18/turn              m - ring of willpower

@: ice-armoured, freezing walls, very slightly contaminated, invisible
A: high mp 1, forlorn
a: Evoke Blink


You were on level 8 of the Dungeon.
You visited 1 branch of the dungeon, and saw 8 of its levels.

You collected 649 gold pieces.

Inventory:

Hand Weapons
 b - a +0 short sword
 i - a +1 rapier of speed
 y - the +4 rapier "Lilloc" (weapon) {venom, +Blink rElec rF+ Dex-4}
   (You took it off an orc wizard on level 7 of the Dungeon)

   It poisons the flesh of those it strikes.
   It affects your dexterity (-4).
   It protects you from fire.
   It insulates you from electricity.
   It lets you blink.
Missiles
 f - 411 stones (quivered)
 o - 2 throwing nets
Armour
 a - a +0 robe (worn)
 h - a +0 cloak (worn)
 k - a +2 pair of gloves (worn)
 l - a +0 pair of boots (worn)
Jewellery
 j - a ring of see invisible (left hand)
 m - a ring of willpower (right hand)
Wands
 v - a wand of charming (5)
Scrolls
 c - a scroll of amnesia
 e - a scroll of blinking
 g - 4 scrolls of teleportation
 n - 2 scrolls of noise {unknown}
 q - a scroll of magic mapping {unknown}
 s - a scroll of acquirement {unknown}
 t - a scroll of summoning {unknown}
 u - a scroll of torment {unknown}
 w - a scroll of enchant armour
 x - a scroll of brand weapon
Potions
 d - a potion of resistance
 p - 2 potions of attraction
 r - a potion of might
 z - a potion of flight
 B - a potion of haste {unknown}
 C - a potion of brilliance {unknown}


   Skills:
 + Level 2.3 Fighting
 + Level 4.4 Short Blades
 + Level 0.1 Throwing
 + Level 3.0 Dodging
 + Level 3.2 Stealth
 * Level 7.1 Spellcasting
 + Level 0.6 Conjurations
 + Level 1.1 Summonings
 * Level 8.0 Ice Magic


You had 7 spell levels left.
You knew the following spells:

 Your Spells              Type           Power      Damage    Failure   Level
a - Freeze                Ice            100%       1d11      1%          1
b - Frozen Ramparts       Ice            100%       1d12      1%          3
c - Ozocubu's Armour      Ice            54%        N/A       1%          3
d - Hailstorm             Conj/Ice       35%        3d9       9%          4
e - Summon Ice Beast      Ice/Summ       36%        N/A       8%          4

Your spell library contained the following spells:

 Spells                   Type           Power      Damage    Failure   Level
 Magic Dart               Conj           56%        1d5       4%          1
 Call Imp                 Summ           16%        N/A       4%          2
 Blink                    Tloc           N/A        N/A       8%          2
 Slow                     Hex            10%        N/A       8%          2
 Conjure Flame            Conj/Fire      12%        6-21      13%         3
 Mephitic Cloud           Conj/Pois/Air  11%        N/A       14%         3


Dungeon Overview and Level Annotations

Branches:
Dungeon (8/15)             Temple (0/1) D:7
   Lair: D:8-11

Annotations:
D:2 Sigmund
D:7 3 runed translucent doors, xnavy's ghost, novice OpWz


Innate Abilities, Weirdness & Mutations

Your attributes grow dramatically as you level up.
You have an increased reservoir of magic. (+10% MP)
You shall have no god before yourself.


Message History

The white imp is lightly wounded.
The wyvern bites you but does no damage.
The white imp gestures at you. The puff of frost hits you!
Unknown command.
Casting: Frozen Ramparts (safe; 1% risk of failure)
Confirm with . or Enter, or press ? or * to list all spells.
A film of ice covers your body!
The wyvern hisses menacingly.
The wyvern bites you but does no damage.
The wyvern closely misses you. The white imp misses you.
Unknown command.
Casting: Ozocubu's Armour (safe; 1% risk of failure)
Confirm with . or Enter, or press ? or * to list all spells.
Casting: Frozen Ramparts (safe; 1% risk of failure)
Press: ? - help, Dir - look around, f - activate The walls around you are covered in ice.
The wall freezes the wyvern.
The wyvern bites you!
The white imp completely resists.
The wall freezes the white imp but does no damage.
The white imp completely misses you.
You hit the wyvern but do no damage.
The wyvern is moderately wounded.
The wall freezes the wyvern.
The wyvern closely misses you.
The wall freezes the wyvern.
The wyvern bites you!
* * * LOW HITPOINT WARNING * * *
The white imp completely resists.
The wall freezes the white imp but does no damage.
The white imp closely misses you.
You fade into invisibility!
The wall freezes the wyvern.
The wyvern bites you but does no damage.
The white imp resists.
The wall freezes the white imp.
The white imp hits you but does no damage.
You are very lightly contaminated with residual magic.
Unknown command.
You closely miss the wyvern.
The wyvern is severely wounded.
The wall freezes the wyvern.
The wyvern bites you!
You die...

#........####### #######
#........#......
..)....##........#'#####
......$......(........#
......................#
#####......#####.......#
........................
........................
.#....#@##########......
......5l....... #...###
............... #...#
............... ...#
............(.. ######
............... #.....
............... #.....
........../.... #.....
#.....


You could see a wyvern and a white imp.

Vanquished Creatures
  A wyvern (D:7)
  Eustachio (D:6)
  4 water moccasins
  Duvessa (D:5)
  2 orc warriors
  2 sky beasts (D:6)
  2 ice beasts (D:5)
  3 necrophages
  An ogre (D:5)
  A centaur (D:5)
  A bullfrog (D:7)
  A gnoll sergeant (D:6)
  Dowan (D:5)
  A water moccasin skeleton (D:6)
  2 howler monkeys
  A jelly (D:7)
  3 orc priests
  A gnoll shaman (D:7)
  3 hounds
  A centaur skeleton (D:6)
  An iguana (D:5)
  Jessica (D:2)
  5 orc wizards
  Ijyb (D:5)
  A killer bee zombie (D:7)
  A hound skeleton (D:5)
  2 howler monkey zombies
  17 gnolls
  5 adders
  A worm (D:5)
  7 dart slugs
  23 orcs
  5 bats
  10 endoplasms
  A giant cockroach (D:3)
  37 goblins
  26 hobgoblins
  9 kobolds
  2 quokkas
  6 ball pythons
  3 frilled lizards
  A rat (D:1)
198 creatures vanquished.

Vanquished Creatures (collateral kills)
  An ice beast (D:6)
  A bullfrog zombie (D:7)
  A hound (D:6)
3 creatures vanquished.

Grand Total: 201 creatures vanquished

Notes
Turn   | Place    | Note
-------+----------+-------------------------------------------
     0 | D:1      | robertstho the Demigod Ice Elementalist began the quest for
                  | the Orb.
     0 | D:1      | Reached XP level 1. HP: 14/14 MP: 5/5
   806 | D:1      | Reached XP level 2. HP: 20/20 MP: 5/7
   875 | D:1      | Reached skill level 4 in Ice Magic
  1421 | D:2      | Reached XP level 3. HP: 10/26 MP: 6/9
  1840 | D:2      | Noticed Jessica
  1870 | D:2      | Killed Jessica
  2078 | D:2      | Noticed Sigmund
  2087 | D:2      | Learned a level 3 spell: Frozen Ramparts
  2091 | D:2      | Learned a level 3 spell: Ozocubu's Armour
  2203 | D:2      | HP: 1/27 [poisoned by Sigmund]
  2604 | D:2      | Reached XP level 4. HP: 34/34 MP: 6/10
  2971 | D:3      | Reached XP level 5. HP: 16/39 MP: 4/12
  3266 | D:3      | Reached skill level 1 in Fighting
  4347 | D:4      | Reached skill level 1 in Short Blades
  5019 | D:4      | Reached XP level 6. HP: 47/47 MP: 9/14
  5607 | D:4      | Reached skill level 5 in Ice Magic
  6353 | D:5      | Entered Level 5 of the Dungeon
  6487 | D:5      | Noticed Ijyb
  6504 | D:5      | Killed Ijyb
  6606 | D:5      | Noticed Dowan
  6608 | D:5      | Noticed Duvessa
  6626 | D:5      | Killed Duvessa
  6627 | D:5      | Reached XP level 7. HP: 14/52 MP: 6/17
  6635 | D:5      | Killed Dowan
  7021 | D:5      | Learned a level 4 spell: Hailstorm
  7026 | D:5      | Learned a level 4 spell: Summon Ice Beast
  7226 | D:5      | Reached skill level 5 in Spellcasting
  7494 | D:5      | Reached skill level 6 in Ice Magic
  7511 | D:5      | Noticed a shadow
  7604 | D:5      | Reached XP level 8. HP: 27/60 MP: 13/19
  8484 | D:6      | HP: 3/61 [poisoned by a water moccasin]
  8486 | D:6      | HP: 1/61 [poisoned by a water moccasin]
  8817 | D:6      | Reached skill level 7 in Ice Magic
  8995 | D:6      | Reached skill level 1 in Summonings
  9297 | D:6      | Noticed Eustachio
  9324 | D:6      | Killed Eustachio
  9581 | D:7      | Reached XP level 9. HP: 47/67 MP: 12/22
  9845 | D:7      | Found a runed translucent gate.
  9845 | D:7      | Found a runed translucent gate.
  9845 | D:7      | Found a runed translucent gate.
  9855 | D:7      | Noticed xnavy's ghost (novice OpWz)
  9890 | D:7      | Found a staircase to the Ecumenical Temple.
 10410 | D:7      | Identified the +4 rapier "Lilloc" {venom, +Blink rElec rF+
                  | Dex-4}
 11168 | D:8      | Reached skill level 8 in Ice Magic
 11307 | D:8      | Slain by a wyvern

Illustrated notes

Levels and vault maps discovered:
D:1:      minmay_arrival_three_doors, layout_basic, hangedman_glass_teeth,
          minmay_vboxes
D:2:      layout_basic, basic_ecumenical_altar, uniq_sigmund, uniq_jessica
D:3:      layout_basic, ashenzari_conservatory_becter, kennysheep_path_1
D:4:      minmay_goblin_kobold_castle, layout_gridville, old_standard_altar,
          minmay_misc_feat_room
D:5:      layout_loops_ring, riverfiend_overflow_shadow_ancestor,
          marbit_many_paths, okawaru_metal_pillars_1_2, uniq_duvessa, uniq_ijyb
D:6:      layout_gridville, minitemple, uniq_eustachio
D:7:      layout_loops_ring, lemuel_round_altar,
          minmay_temple_entry_enclosed_plants, gammafunk_ghost_necromancy
D:8:      layout_basic, lemuel_doored_altar

Skill      XL: |  1  2  3  4  5  6  7  8  9 |
---------------+----------------------------+-----
Spellcasting   | 2 3 4 5 6 7 |  7.1
Ice Magic      | 4 5 6 7 8 |  8.0
Stealth        | 2 3 |  3.2
Dodging        | 2 3 |  3.0
Fighting       | 1 2 |  2.3
Short Blades   | 1 3 4 |  4.4
Summonings     | 1 |  1.1
Throwing       | |  0.1
Conjurations   | |  0.6

Action                   |  1- 3 |  4- 6 |  7- 9 || total
-------------------------+-------+-------+-------++-------
Melee: Unarmed           |     8 |       |       ||     8
       Short sword       |    27 |       |       ||    27
       Rapier            |       |   129 |   212 ||   341
Throw: Stone             |    10 |       |       ||    10
 Cast: Freeze            |    40 |    22 |    16 ||    78
       Frozen Ramparts   |     1 |    29 |    25 ||    55
       Ozocubu's Armour  |     1 |     1 |     5 ||     7
       Summon Ice Beast  |       |       |     6 ||     6
       Hailstorm         |       |       |     8 ||     8
  Use: Scroll            |     2 |     3 |     6 ||    11
       Potion            |     3 |     2 |     1 ||     6
 Stab: Sleeping          |     3 |     5 |     1 ||     9
       Distracted        |       |       |     1 ||     1
Armor: Robe              |    12 |    42 |    43 ||    97
Dodge: Dodged            |    54 |   110 |   112 ||   276

Table legend: (Time is in decaauts)
 A = Elapsed time spent in this place.
 B = Non-inter-level travel time spent in this place.
 C = Inter-level travel time spent in this place.
 D = Time resting spent in this place.
 E = Time spent auto-exploring this place.
 F = Levels seen in this place.
 G = Mean time per level.
                   A        B        C        D        E       F      G
               +--------+--------+--------+--------+--------+-----+--------+
         Total |  11226 |  10933 |    293 |   1891 |   7578 |   8 | 1403.2 |
       Dungeon |  11226 |  10933 |    293 |   1891 |   7578 |   8 | 1403.2 |
               +--------+--------+--------+--------+--------+-----+--------+

Top non-repeatable levels by time:
     D:4: 1833 daAuts
     D:1: 1612 daAuts
     D:3: 1606 daAuts
     D:5: 1600 daAuts
     D:6: 1546 daAuts
     D:2: 1285 daAuts
     D:7: 1098 daAuts
     D:8: 643 daAuts
